 Dungeon Crawl Stone Soup version 0.28.0-45-g0d030f2227 (webtiles) character file.

Game seed: 14377866661080538806

186 Icepheonix32 the Covered (level 5, -6/41 HPs)
             Began as a Demonspawn Fighter on Apr 6, 2022.
             Mangled by a scorpion (7 damage)
             ... on level 4 of the Dungeon.
             The game lasted 00:02:43 (3321 turns).

Icepheonix32 the Covered (Demonspawn Fighter)       Turns: 3321, Time: 00:02:44

Health: -6/41      AC:  8    Str: 17 (18) XL:     5   Next: 38%
Magic:  5/5        EV:  9    Int:  5 (8)  God:
Gold:   132        SH:  5    Dex: 16 (18) Spells: 4/4 levels left

rFire   . . .      SeeInvis .   a - +0 long sword
rCold   . . .      Faith    .   c - +0 buckler
rNeg    . . .      Spirit   .   b - +0 scale mail
rPois   .          Reflect  .   (helmet restricted)
rElec   .          Harm     .   l - +0 cloak
rCorr   .          Rampage  .   (no gloves)
Will    .....                   (no boots)
Stlth   ..........              (no amulet)
HPRegen 0.13/turn               i - +6 ring of dexterity
MPRegen 0.09/turn               (no ring)

@: lethally poisoned (-6 -> -7)
A: antennae 1, weakness stinger 1, dopey 1, high MP 1, wild magic 1
a: no special abilities


You were on level 4 of the Dungeon.
You visited 1 branch of the dungeon, and saw 4 of its levels.

You collected 132 gold pieces.

Inventory:

Hand Weapons
 a - a +0 long sword (weapon)
Missiles
 j - 6 poisoned darts (quivered)
Armour
 b - a +0 scale mail (worn)
 c - a +0 buckler (worn)
 l - a +0 cloak (worn)
Jewellery
 i - a +6 ring of dexterity (left hand)
Scrolls
 f - 2 scrolls of vulnerability {unknown}
 m - a scroll of silence {unknown}
 n - 3 scrolls of identify {unknown}
Potions
 d - 2 potions of might
 e - a potion of haste
 g - a potion of degeneration


   Skills:
 * Level 3.4 Fighting
 - Level 3.1 Long Blades
 + Level 3.9 Armour
 + Level 1.0 Dodging
 + Level 3.3 Shields


You had 4 spell levels left.
You didn't know any spells.
Your spell library contained the following spells:

 Spells                   Type           Power      Damage    Failure   Level
 Foxfire                  Conj/Fire      0%         2x1d4     95%         1
 Conjure Flame            Conj/Fire      0%         6-21      100%        3
 Inner Flame              Hex/Fire       0%         N/A       100%        3
 Ozocubu's Armour         Ice            0%         N/A       100%        3
 Flame Wave               Conj/Fire      0%         2d4       100%        4
 Metabolic Englaciation   Hex/Ice        0%         N/A       100%        5
 Simulacrum               Ice/Necr       0%         N/A       100%        6


Dungeon Overview and Level Annotations

Branches:
Dungeon (4/15)
 Temple: D:4-7

Altars:
Kikubaaqudgha

Shops:
D:3 [


Innate Abilities, Weirdness & Mutations

You have a pair of small antennae on your head.
You have a small tail.
You are dopey. (Int -2)
You have an increased reservoir of magic. (+10% MP)
Your spells are a little harder to cast, but a little more powerful.


Message History

The scorpion poisons you!
It was a potion of haste.
You feel yourself speed up.
You feel very sick. You block the scorpion's attack.
It was a potion of degeneration.
There was something very wrong with that liquid.
You feel weakened.
You feel dopey.
You feel clumsy.
You feel sick. The scorpion barely misses you.
It was a potion of mutation.
You feel extremely strange.
You feel stupid.
You feel less in control of your magic.
You feel more energetic.
You feel sick.
The scorpion stings you but does no damage.
It was a potion of attraction.
You feel attractive to monsters.
* * * LOW HITPOINT WARNING * * *
You feel sick.
It was a potion of cancellation.
Your magical effects are unravelling.
You feel magically purged.
You feel yourself slow down.
* * * LOW HITPOINT WARNING * * *
You feel sick. The scorpion barely misses you.
You feel less attractive to monsters.
* * * LOW HITPOINT WARNING * * *
You feel sick. The scorpion barely misses you.
* * * LOW HITPOINT WARNING * * *
You feel sick.
* * * LOW HITPOINT WARNING * * *
You feel sick.
Found a scroll labelled AGHODDA XUREOR.
* * * LOW HITPOINT WARNING * * *
You feel sick.
* * * LOW HITPOINT WARNING * * *
You feel sick.
* * * LOW HITPOINT WARNING * * *
You feel sick.
* * * LOW HITPOINT WARNING * * *
You feel sick. The scorpion stings you!
You die...

#...#### ###.#
#...##8###8#.# 8...8
#............# #...#
8............# #.?.#
#............# #...##
##8###⌠###8#.##8...8#
### #######..##...#
###......###...#
###....###(#..@#
#...##.###.#.s.#
###.####........##
....# #####..#.#
##### ###....#
#..<..#####..
#..#..........
#.$##.......... #..
#.......$..


You could see a scorpion.

Vanquished Creatures
  A phantom (D:4)
  3 adders
  4 dart slugs
  An orc (D:3)
  6 endoplasms
  3 giant cockroaches
  13 hobgoblins
  5 kobolds
  5 quokkas
  6 ball pythons
  9 bats
  A frilled lizard (D:2)
  12 goblins
  6 rats
75 creatures vanquished.

Notes
Turn   | Place    | Note
-------+----------+-------------------------------------------
     0 | D:1      | Icepheonix32 the Demonspawn Fighter began the quest for the
                  | Orb.
     0 | D:1      | Reached XP level 1. HP: 18/18 MP: 1/1
   287 | D:1      | Discovered your monstrous ancestry.
   287 | D:1      | Gained mutation: You have a pair of small antennae on your
                  | head. [demonic ancestry]
   287 | D:1      | Reached XP level 2. HP: 22/24 MP: 2/2
   722 | D:1      | Reached XP level 3. HP: 28/29 MP: 3/3
   745 | D:1      | Found a faded altar of an unknown god.
  1765 | D:2      | Reached XP level 4. HP: 32/35 MP: 4/4
  1834 | D:2      | Found an ancient bone altar of Kikubaaqudgha.
  2809 | D:3      | Found Ruecilu's Armour Shoppe.
  3146 | D:4      | Noticed a phantom
  3152 | D:4      | Killed a phantom
  3153 | D:4      | Reached skill level 1 in Dodging
  3153 | D:4      | Gained mutation: You have a small tail. [demonic ancestry]
  3153 | D:4      | Reached XP level 5. HP: 31/41 MP: 5/5
  3312 | D:4      | Gained mutation: You are dopey. (Int -2) [potion of
                  | mutation]
  3312 | D:4      | Gained mutation: Your spells are a little harder to cast,
                  | but a little more powerful. [potion of mutation]
  3312 | D:4      | Gained mutation: You have an increased reservoir of magic.
                  | (+10% MP) [potion of mutation]
  3319 | D:4      | HP: 2/41 [poisoned by a scorpion]
  3321 | D:4      | Mangled by a scorpion

Illustrated notes

Levels and vault maps discovered:
D:1:      saegor_arrival_simple_b, layout_loops_ring,
          ebering_ecumenical_altar_abandoned, minmay_liquid_box
D:2:      layout_basic, basic_altar
D:3:      layout_basic, serial_shops,
          nicolae_shop_temple_entry_statues_fountains, minmay_misc_feat_encased
D:4:      layout_rooms, serial_corexii_hall, corexii_hall_statues_l,
          chequers_hall_statues_wall_a, corexii_hall_statues_l,
          chequers_hall_statues_y

Skill      XL: |  1  2  3  4 |
---------------+-------------+-----
Long Blades    | 2 3 |  3.1
Armour         | 3 |  3.9
Shields        | 3 |  3.3
Dodging        | 1 |  1.0
Fighting       | |  3.4

Action                   |  1- 3 |  4- 6 || total
-------------------------+-------+-------++-------
Melee: Long sword        |   156 |    71 ||   227
       Tailslap          |       |     1 ||     1
  Use: Potion            |       |     5 ||     5
Armor: Scale mail        |    83 |    41 ||   124
Dodge: Dodged            |    80 |    34 ||   114
Block: Buckler           |    33 |    24 ||    57
